 Dungeon Crawl Stone Soup version 0.30.0-5-g1a98f26d00 (webtiles) character file.

Game seed: 2195053819325466744

462 Foic the Blocker (level 6, 0/62 HPs)
             Began as a Minotaur Fighter on May 8, 2023.
             Constricted to death by Pikel (8 damage)
             ... on level 4 of the Dungeon.
             The game lasted 00:14:24 (3061 turns).

Foic the Blocker (Minotaur Fighter)                 Turns: 3061, Time: 00:14:25

Health: 0/62       AC: 10    Str: 20    XL:     6   Next: 79%
Magic:  5/5        EV:  5    Int:  5    God:
Gold:   184        SH:  6    Dex: 10    Spells: 5/5 levels left

rFire   + . .        a - +0 flail
rCold   . . .        c - +0 buckler
rNeg    . . .        p - +0 chain mail
rPois   .            (helmet restricted)
rElec   .            (no cloak)
rCorr   .            (no gloves)
SInv    .            (no boots)
Will    .....        b - amulet of the acrobat Stlth
                     n - ring of protection from fire
HPRegen 0.30/turn    (no ring)
MPRegen 0.09/turn

%: acrobat
@: mighty, grasped by roots, acrobatic, constricted
A: horns 2, retaliatory headbutt, hooves 1, weak 1, evolution 1
a: no special abilities


You were on level 4 of the Dungeon.
You visited 1 branch of the dungeon, and saw 4 of its levels.
You also visited: Sewer.

You collected 184 gold pieces.

Inventory:

Hand Weapons
 a - a +0 flail (weapon)
 e - a +0 spear of venom
 s - a +0 sling
Missiles
 g - 37 stones (quivered)
 v - 4 poisoned darts
 y - 4 boomerangs
Armour
 c - a +0 buckler (worn)
 p - a +0 chain mail (worn)
Jewellery
 b - an amulet of the acrobat (around neck)
 n - a ring of protection from fire (left hand)
Wands
 u - a wand of polymorph (12)
Scrolls
 f - 3 scrolls of identify {unknown}
 h - 3 scrolls of teleportation {unknown}
 i - 2 scrolls of fear {unknown}
 j - 2 scrolls of enchant weapon {unknown}
 k - 2 scrolls of vulnerability {unknown}
 l - a scroll of enchant armour {unknown}
 m - a scroll of brand weapon {unknown}
 o - a scroll of immolation {unknown}
 q - a scroll of magic mapping {unknown}
 r - a scroll of blinking {unknown}
 t - a scroll of noise {unknown}
Potions
 w - a potion of resistance
 x - a potion of mutation


   Skills:
 * Level 8.8 Fighting
 + Level 6.1 Maces & Flails
 - Level 1.0 Ranged Weapons
 - Level 0.8 Throwing
 + Level 6.6 Armour
 * Level 8.9 Shields


You had 5 spell levels left.
You didn't know any spells.
Your spell library contained the following spells:

 Spells                   Type           Power      Damage    Failure   Level
 Call Canine Familiar     Summ           0%         N/A       100%        3
 Portal Projectile        Hex/Tloc       0%         N/A       100%        3
 Leda's Liquefaction      Hex/Erth       0%         N/A       100%        4


Dungeon Overview and Level Annotations

Branches:
Dungeon (4/15)              Sewer (visited)
 Temple: D:4-7

Altars:
Fedhas
Xom

Annotations:
D:4 Pikel, Robin


Innate Abilities, Weirdness & Mutations

You have a pair of horns on your head.
You reflexively headbutt those who attack you in melee.
You have large cloven feet.
You are weak. (Str -2)
You have hidden genetic potential.


Message History

You hit Pikel but do no damage.
Pikel is lightly wounded.
Pikel hits you with a +0 whip of flaming.
Pikel burns you. The grasping roots constrict you.
The grasping roots release their grip on you.
You barely miss Pikel. Your headbutt misses Pikel.
Pikel is lightly wounded.
Pikel zaps a wand.
The roots erupt in riotous growth!
The grasping roots grab you!
Pikel is unaffected.
The grasping roots constrict you.
You hear a shout!
You closely miss Pikel. You kick Pikel. You headbutt Pikel.
Pikel is moderately wounded.
You block Pikel's attack. The grasping roots constrict you.
You hit Pikel but do no damage. Your kick misses Pikel.
Pikel is moderately wounded.
Pikel hits you but does no damage. The grasping roots constrict you.
You closely miss Pikel. You kick Pikel, but do no damage.
Pikel is moderately wounded.
Pikel hits you with a +0 whip of flaming.
The grasping roots constrict you!
* * * LOW HITPOINT WARNING * * *
You feel very mighty all of a sudden.
Pikel hits you with a +0 whip of flaming.
* * * LOW HITPOINT WARNING * * *
The grasping roots constrict you.
The grasping roots release their grip on you.
You feel better.
Pikel hits you with a +0 whip of flaming.
* * * LOW HITPOINT WARNING * * *
You barely miss Pikel. Your headbutt misses Pikel.
Pikel is moderately wounded.
Pikel hits you with a +0 whip of flaming.
* * * LOW HITPOINT WARNING * * *
Pikel burns you.
* * * LOW HITPOINT WARNING * * *
Pikel zaps a wand.
The roots erupt in riotous growth!
The grasping roots grab you! The grasping roots constrict you!
You die...

######### #.......#
#.......# #.......#######
#............. ##..รท..<#
#...###@##### #...#
#..K5.######. ##..##
#####5....... #...#
#.{....##### ####..##
###.####...#
####.....####.............
...............#.######....
#..##....#######.######....
# . #.##########K.).....#.#


You could see Pikel and 2 lemures.

Vanquished Creatures
  Pargi (Sewer)
  3 orc priests
  An orc wizard (D:3)
  13 adders
  An ufetubus (D:3)
  3 dart slugs
  3 orcs (D:3)
  4 ball pythons
  5 bats
  6 endoplasms
  6 giant cockroaches
  3 goblins (D:3)
  5 hobgoblins
  8 jackals
  A quokka (D:3)
  9 kobolds
  5 rats
77 creatures vanquished.

Notes
Turn   | Place    | Note
-------+----------+-------------------------------------------
     0 | D:1      | Foic the Minotaur Fighter began the quest for the Orb.
     0 | D:1      | Reached XP level 1. HP: 19/19 MP: 0/0
   139 | D:1      | Reached XP level 2. HP: 22/27 MP: 1/1
   409 | D:1      | Found a shimmering altar of Xom.
   855 | D:2      | Found a faded altar of an unknown god.
   876 | D:2      | Reached XP level 3. HP: 32/33 MP: 2/2
  1169 | D:2      | Reached skill level 5 in Maces & Flails
  1169 | D:2      | Reached XP level 4. HP: 49/49 MP: 3/3
  1717 | D:3      | Reached XP level 5. HP: 55/55 MP: 4/4
  1917 | D:3      | Found a glowing drain.
  1921 | Sewer    | Entered a sewer
  1963 | Sewer    | Noticed Pargi
  1969 | Sewer    | Killed Pargi
  1970 | Sewer    | Reached skill level 1 in Ranged Weapons
  1970 | Sewer    | Reached XP level 6. HP: 55/62 MP: 5/5
  2034 | Sewer    | Gained mutation: You are weak. (Str -2) [potion of
                  | mutation]
  2034 | Sewer    | Gained mutation: You have large cloven feet. [potion of
                  | mutation]
  2034 | Sewer    | Gained mutation: You have hidden genetic potential. [potion
                  | of mutation]
  2451 | D:3      | Found a blossoming altar of Fedhas.
  2861 | D:4      | Noticed Pikel
  3018 | D:4      | Identified the +3 helmet of Eternal Vigilance {rC+++ Int-2}
  3018 | D:4      | Noticed Robin
  3061 | D:4      | Constricted to death by Pikel

Illustrated notes

Levels and vault maps discovered:
D:1:      sevenhm_arrival_forest_fort_small_6, layout_loops_cross,
          minmay_hexomino_r4
D:2:      layout_loops_corners, chequers_ecumenical_altar_island
D:3:      layout_loops_cross, lemuel_doored_altar, gup_sewer_entry_spiral,
          kennysheep_nub, minmay_diced_spiral
D:4:      layout_rooms, uniq_robin, uniq_eustachio, uniq_pikel

Skill      XL: |  1  2  3  4  5  6 |
---------------+-------------------+-----
Shields        | 4 8 |  8.9
Fighting       | 4 8 |  8.8
Armour         | 6 |  6.6
Maces & Flails | 5 6 |  6.1
Ranged Weapons | 1 |  1.0
Throwing       | |  0.8

Action                     |  1- 3 |  4- 6 || total
---------------------------+-------+-------++-------
  Melee: Flail             |    46 |   149 ||   195
         Headbutt          |     7 |    20 ||    27
         Kick              |       |    18 ||    18
    Use: Potion            |     4 |     5 ||     9
 Armour: Scale mail        |    11 |       ||    11
         Chain mail        |    14 |    89 ||   103
  Dodge: Dodged            |    14 |    54 ||    68
  Block: Buckler           |    11 |    31 ||    42
